 Dungeon Crawl Stone Soup version 0.30-a0-583-g19bae12e61 (webtiles) character file.

Game seed: 16630633225269499118

44 sovolta the Chopper (level 3, -3/33 HPs)
             Began as a Hill Orc Monk on Jan 1, 2023.
             Slain by an orc
             ... wielding a +1 trident of venom
              (4 damage)
             ... on level 2 of the Dungeon.
             The game lasted 00:06:22 (1092 turns).

sovolta the Chopper (Hill Orc Monk)                 Turns: 1092, Time: 00:06:22

Health: -3/33      AC:  6    Str: 15    XL:     3   Next: 62%
Magic:  3/3        EV: 10    Int: 10    God:
Gold:   73         SH:  0    Dex: 13    Spells: 2/2 levels left

rFire   . . .      SeeInvis +    a - +0 hand axe
rCold   . . .      Faith    .    (no shield)
rNeg    . . .      Spirit   .    d - +0 scale mail
rPois   .          Reflect  .    (no helmet)
rElec   .          Harm     .    (no cloak)
rCorr   .          Rampage  .    (no gloves)
Will    .....                    (no boots) Stlth
                                 (no amulet)
HPRegen 0.25/turn                i - ring of see invisible
MPRegen 0.08/turn                (no ring)

@: mighty, lethally poisoned (-3 -> -10)
A: no striking features
a: no special abilities


You were on level 2 of the Dungeon.
You visited 1 branch of the dungeon, and saw 2 of its levels.

You collected 73 gold pieces.

Inventory:

Hand Weapons
 a - a +0 hand axe (weapon)
Armour
 b - a +0 robe
 d - a +0 scale mail (worn)
Jewellery
 i - a ring of see invisible (left hand)
 l - an amulet of magic regeneration
Scrolls
 h - a scroll of enchant weapon {unknown}
 j - a scroll of identify {unknown}
Potions
 e - a potion of attraction {unknown}
 f - a potion of degeneration {unknown}
 g - 3 potions of curing {unknown}


   Skills:
 + Level 4.1 Fighting
 * Level 5.1 Axes
 + Level 1.5 Armour
 - Level 2.4 Dodging
 - Level 1.5 Stealth


You had 2 spell levels left.
You didn't know any spells.
Your spell library was empty.

Dungeon Overview and Level Annotations

Branches:
Dungeon (2/15)

Altars:


Message History

The goblin misses you. The goblin attacks as you move away!
The goblin hits you but does no damage.
You feel sick.
You barely miss the goblin. You hit the quokka.
You feel sick. The quokka bites you. The goblin hits you with a +0 club.
The orc hits you from afar with a +1 trident of venom.
You are more poisoned.
You closely miss the quokka.
The quokka is heavily wounded.
You hit the goblin.
You kill the goblin!
You feel very sick.
The quokka bites you but does no damage.
The orc barely misses you. The quokka bites you.
You're too confused to move!
You feel sick.
The orc wizard gestures at you while chanting.
The puff of flame hits you. The orc closely misses you.
The quokka bites you but does no damage.
The orc wizard attacks as you move away!
The orc wizard closely misses you.
You feel less invigorated.
You feel less confused.
You feel sick.
It was a potion of might.
You feel very mighty all of a sudden.
You feel sick. The quokka closely misses you.
The orc wizard hits you with a +0 dagger.
The orc hits you but does no damage.
You are lethally poisoned!
You slash the quokka!
You kill the quokka!
You miss the orc wizard.
* * * LOW HITPOINT WARNING * * *
You feel very sick. The orc barely misses you.
The orc wizard hits you with a +0 dagger.
* * * LOW HITPOINT WARNING * * *
* * * LOW HITPOINT WARNING * * *
You feel very sick.
The orc hits you with a +1 trident of venom.
You die...

#.#...#.###
#.#####.# #.#
#<. #)# ####
#.######..
#........#
#.###..######
#.........#
#.###o@##.#
#)o# # #..# #
#.†##.#
#.)...#
#.###.#
........# #
..#.###.# #..


You could see an orc wizard and an orc.

Vanquished Creatures
  A dart slug (D:1)
  2 orcs (D:2)
  3 ball pythons
  5 endoplasms (D:1)
  3 goblins
  5 hobgoblins (D:1)
  3 jackals (D:1)
  3 kobolds (D:1)
  2 quokkas
  3 bats (D:1)
  4 frilled lizards (D:1)
  A rat (D:1)
35 creatures vanquished.

Notes
Turn   | Place    | Note
-------+----------+-------------------------------------------
     0 | D:1      | sovolta the Hill Orc Monk began the quest for the Orb.
     0 | D:1      | Reached XP level 1. HP: 19/19 MP: 1/1
    98 | D:1      | Reached XP level 2. HP: 27/27 MP: 2/2
   298 | D:1      | Reached skill level 1 in Armour
   477 | D:1      | Reached XP level 3. HP: 33/33 MP: 3/3
   720 | D:1      | Reached skill level 5 in Axes
  1092 | D:2      | HP: 1/33 [poisoned by an orc]
  1092 | D:2      | Slain by an orc

Illustrated notes

Levels and vault maps discovered:
D:1:      eino_arrival_water_star, layout_loops_cross, hangedman_decor_push
D:2:      layout_loops_ring, st_stairs_9, uniq_terence

Skill      XL: |  1  2  3 |
---------------+----------+-----
Armour         | 1 |  1.5
Fighting       | 4 |  4.1
Axes           | 5 |  5.1
Dodging        | |  2.4
Stealth        | |  1.5

Action                   || total
-------------------------++-------
Melee: Hand axe          ||   128
       Punch             ||     2
  Use: Potion            ||     2
Armor: Scale mail        ||    64
Dodge: Dodged            ||    69

Table legend: (Time is in decaauts)
 A = Elapsed time spent in this place.
 B = Non-inter-level travel time spent in this place.
 C = Inter-level travel time spent in this place.
 D = Time resting spent in this place.
 E = Time spent auto-exploring this place.
 F = Levels seen in this place.
 G = Mean time per level.
                   A        B        C        D        E       F      G
               +--------+--------+--------+--------+--------+-----+--------+
         Total |   1100 |   1073 |     27 |    180 |    553 |   2 |  550.0 |
       Dungeon |   1100 |   1073 |     27 |    180 |    553 |   2 |  550.0 |
               +--------+--------+--------+--------+--------+-----+--------+

Top non-repeatable levels by time:
     D:1: 987 daAuts
     D:2: 113 daAuts
